 Dungeon Crawl Stone Soup version 0.29-a0-870-g2c972031a6 (webtiles) character file.

Game seed: 15937061058118347765

9 zeratav the Stinger (level 2, -1/17 HPs)
             Began as an Octopode Venom Mage on July 17, 2022.
             Slain by a jackal (3 damage)
             ... on level 1 of the Dungeon.
             The game lasted 00:00:21 (294 turns).

zeratav the Stinger (Octopode Venom Mage)            Turns: 294, Time: 00:00:22

Health: -1/17      AC:  1    Str:  7    XL:     2   Next: 12%
Magic:  5/5        EV: 13    Int: 17    God:
Gold:   4          SH:  0    Dex: 12    Spells: 4/5 levels left

rFire   . . .      SeeInvis .   e - +2 short sword (holy) {short}
rCold   . . .      Faith    .   (no shield)
rNeg    . . .      Spirit   .   (helmet restricted)
rPois   .          Reflect  .   (no amulet)
rElec   .          Harm     .   (no ring)
rCorr   .          Rampage  .   (no ring)
Will    .....                   (no ring)
Stlth   +++.......              (no ring)
HPRegen 0.05/turn               (no ring)
MPRegen 0.09/turn               (no ring)
                                (no ring)
                                (no ring)

@: no status effects
A: almost no armour, amphibious, 8 rings, camouflage 1, gelatinous body 1,
(nimble swimmer 1), tentacles
a: no special abilities


You were on level 1 of the Dungeon.
You visited 1 branch of the dungeon, and saw 1 of its levels.

You collected 4 gold pieces.


Innate Abilities, Weirdness & Mutations

You cannot wear most types of armour.
You are amphibious.
You can wear up to eight rings at the same time.
Your skin changes colour to match your surroundings (Stealth+).
Your rubbery body absorbs attacks. (AC +1, EV +1)
((You are camouflaged when in or above water. (Stealth+)))
You have tentacles for arms and can constrict up to eight enemies at once.


   Skills:
 - Level 2.0 Dodging
 + Level 3.3 Stealth
 - Level 2.0 Spellcasting
 - Level 1.0 Transmutations
 + Level 4.0 Poison Magic


You had 4 spell levels left.
You knew the following spells:

 Your Spells              Type           Power      Damage    Failure   Level
a - Sting                 Tmut/Pois      40%        1d5       7%          1

Your spell library contained the following spells:

 Spells                   Type           Power      Damage    Failure   Level
 Poisonous Vapours        Pois/Air       16%        N/A       13%         2
 Mephitic Cloud           Conj/Pois/Air  6%         N/A       32%         3
 Olgreb's Toxic Radiance  Pois           15%        N/A       36%         4

Inventory:

Hand Weapons
 e - a +2 short sword of holy wrath (weapon) {short}
   (You took it off a kobold on level 1 of the Dungeon)
Potions
 a - a potion of magic
 c - a potion of experience {unknown}

Dungeon Overview and Level Annotations

Branches:
Dungeon (1/15) Zot: 5702

Altars:

....#..##..####.#
.......###.## ..#.
###.........# ..#.
#..#.####)## ... #
#....# #..#### ..##.
#.#### #..##.. ....
###...### #...#.# ..#
........#
#.#.#.##†.####.
.####.#.#
#.#.#.@hK...... #.#.#
#.#).###..#####
#.##.#.. ..##.# ..#
#.##.#.....##..# ..#
##.##.#..... ##.# ..#
...##.#..... .# ..#
##.##.#########.. ..#
##.##.##.........#...
##.##.##..........


You could see a jackal and a kobold.


Message History

No target in view!
No target in view!
No target in view!
No target in view!
No target in view!
No target in view!
No target in view!
No target in view!
No target in view!
No target in view!
No target in view!
No target in view!
No target in view!
e - a +2 short sword of holy wrath {short} HP[+1]
Your hp is fully restored (11).
Your +2 short sword of holy wrath {short} softly glows with a divine radiance!
e - a +2 short sword of holy wrath (weapon)
{short} You drop a +0 hand axe {axe}.
A jackal comes into view.
You drop a +0 vorpal mace {mace}.
A jackal comes into view.
A hobgoblin comes into view.
A goblin, a kobold and a jackal come into view.
The goblin shouts!
The jackal barks!
The jackal misses you.
The goblin moves out of view.
The hobgoblin shouts!
The kobold shouts!
You hit the jackal. Your grab misses the jackal.
Your squeeze misses the jackal. The jackal bites you. x2
The jackal misses you.
You closely miss the jackal. You grab the jackal.
You constrict the jackal, but do no damage.
The jackal completely misses you. The jackal bites you.
The jackal barely misses you.
The jackal bites you but does no damage. x2
The jackal barely misses you.
You puncture the jackal!
You kill the jackal!
The jackal closely misses you.
The jackal bites you but does no damage.
You hit the hobgoblin but do no damage. You grab the hobgoblin.
You squeeze the hobgoblin.
You kill the hobgoblin!
The jackal barely misses you. The jackal misses you.
The jackal barely misses you. The jackal bites you.
You closely miss the goblin. Your grab misses the goblin.
The jackal bites you but does no damage.
The jackal barely misses you. The goblin closely misses you.
HP[-5]
You take 5 damage, and now have 6/11 hp.
MASSIVE DAMAGE!! (PAUSE)
You barely miss the goblin. Your grab misses the goblin.
The jackal bites you but does no damage.
The jackal closely misses you. The goblin closely misses you.
The jackal misses you. x2
You closely miss the goblin. Your grab misses the goblin.
The jackal closely misses you. x2; The goblin barely misses you.
You barely miss the goblin. Your grab misses the goblin.
You squeeze the goblin. The jackal barely misses you. The jackal misses you.
The goblin misses you. The jackal bites you.
* * * LOW HITPOINT WARNING * * *
The jackal misses you.
HP[-2]
You take 2 damage, and now have 4/11 hp.
You are too injured to fight recklessly!
You are too injured to fight recklessly!
You are too injured to fight recklessly!
You are too injured to fight recklessly!
You are too injured to fight recklessly!
You are too injured to fight recklessly!
You are too injured to fight recklessly!
You are too injured to fight recklessly!
You are too injured to fight recklessly!
You are too injured to fight recklessly!
You are too injured to fight recklessly!
You are too injured to fight recklessly!
You are too injured to fight recklessly!
You are too injured to fight recklessly!
You are too injured to fight recklessly!
You closely miss the goblin. You grab the goblin. You squeeze the goblin.
You kill the goblin!
Your Poison Magic skill increases to level 4!
You have reached level 2!
HP[+3] MP[+2]
You now have 17 max hp (+6).
You regained 3 hp, and now have 7/17 hp.
Your mp is fully restored (5).
You hit the jackal. You grab the jackal. You constrict the jackal.
The jackal bites you.
* * * LOW HITPOINT WARNING * * *
HP[-3]
You take 3 damage, and now have 4/17 hp.
You hit the jackal.
You kill the jackal!
The jackal bites you.
* * * LOW HITPOINT WARNING * * *
HP[-2]
You take 2 damage, and now have 2/17 hp.
You closely miss the jackal. Your grab misses the jackal. The jackal bites you.
You die...

Skill      XL: |  1 |
---------------+----+-----
Stealth        | 3 |  3.3
Poison Magic   | 4 |  4.0
Dodging        | |  2.0
Spellcasting   | |  2.0
Transmutations | |  1.0

Action                   || total
-------------------------++-------
Melee: Short sword       ||    12
       Hand axe          ||     7
       Constrict         ||     5
       Tentacles         ||     3
 Stab: Sleeping          ||     1
Armor: Skin              ||     5
Dodge: Dodged            ||    25

Levels and vault maps discovered:
D:1:      dpeg_arrival_tiny_d, layout_basic

Notes
Turn   | Place    | Note
-------+----------+-------------------------------------------
     0 | D:1      | zeratav the Octopode Venom Mage began the quest for the
                  | Orb.
     0 | D:1      | Reached XP level 1. HP: 11/11 MP: 3/3
     0 | D:1      | magus.rc [v1.9.6]
   265 | D:1      | Reached skill level 3 in Stealth
   292 | D:1      | Reached skill level 4 in Poison Magic
   292 | D:1      | Reached XP level 2. HP: 7/17 MP: 5/5
   292 | D:1      | HP: 4/17 [jackal (3)]
   294 | D:1      | Slain by a jackal

Vanquished Creatures
  A goblin (D:1)
  A hobgoblin (D:1)
  2 jackals (D:1)
  A quokka (D:1)
  A frilled lizard (D:1)
  A kobold (D:1)
  A rat (D:1)
8 creatures vanquished.

Table legend:
 A = Non-vault XP
 B = Vault XP
 C = Vault XP percentage of total XP
 D = Non-vault monster count
 E = Vault monster count
 F = Vault count percentage of total count
                 A         B        C        D         E       F
            +---------+---------+-------+---------+---------+-------
      Total |      13 |       0 |   0.0 |       8 |       0 |   0.0
            +---------+---------+-------+---------+---------+-------
        D:1 |      13 |       0 |   0.0 |       8 |       0 |   0.0
            +---------+---------+-------+---------+---------+-------

Illustrated notes

Table legend:
 A = Kills in this place as a percentage of kills in entire the game.
 B = Kills by you in this place as a percentage of kills by you in the entire game.
 C = Kills by friends in this place as a percentage of kills by friends in the entire game.
 D = Other kills in this place as a percentage of other kills in the entire game.
 E = Experience gained in this place as a percentage of experience gained in the entire game.
 F = Experience gained in this place divided by the number of levels of this place that you have seen.
                   A       B       C       D       E      F
               +-------+-------+-------+-------+-------+----------------------
         Total | 100.0 | 100.0 |   N/A |   N/A | 100.0 |  13.0
       Dungeon | 100.0 | 100.0 |   N/A |   N/A | 100.0 |  13.0
               +-------+-------+-------+-------+-------+----------------------

Table legend: (Time is in decaauts)
 A = Elapsed time spent in this place.
 B = Non-inter-level travel time spent in this place.
 C = Inter-level travel time spent in this place.
 D = Time resting spent in this place.
 E = Time spent auto-exploring this place.
 F = Levels seen in this place.
 G = Mean time per level.
                   A        B        C        D        E       F      G
               +--------+--------+--------+--------+--------+-----+--------+
         Total |    296 |    296 |      0 |      0 |    247 |   1 |  296.0 |
       Dungeon |    296 |    296 |      0 |      0 |    247 |   1 |  296.0 |
               +--------+--------+--------+--------+--------+-----+--------+

Top non-repeatable levels by time:
     D:1: 296 daAuts
